 Dungeon Crawl Stone Soup version 0.30.1-10-g1249ef9ec4 (webtiles) character file.

Game seed: 9559100092802725607

56 lonewolfV2 the Covered (level 3, -2/29 HPs)
             Began as a Demonspawn Fighter on Oct 26, 2023.
             Slain by a smoke demon (5 damage)
             ... created by the fury of Makhleb
             ... on level 2 of the Dungeon.
             The game lasted 00:02:10 (1339 turns).

lonewolfV2 the Covered (Demonspawn Fighter)         Turns: 1339, Time: 00:02:10

Health: -2/29      AC:  6    Str: 18    XL:     3   Next: 71%
Magic:  3/3        EV: 10    Int:  9    God:
Gold:   17         SH:  4    Dex: 12    Spells: 2/2 levels left

rFire   . . .        a - +0 war axe
rCold   . . .        c - +0 buckler
rNeg    . . .        b - +0 scale mail
rPois   .            (helmet restricted)
rElec   .            (no cloak)
rCorr   .            (no gloves)
SInv    .            (no boots)
Will    .....        (no amulet) Stlth
                     (no ring)
HPRegen 0.24/turn    (no ring)
MPRegen 0.08/turn

%: no passive effects
@: no status effects
A: horns 2
a: no special abilities


You were on level 2 of the Dungeon.
You visited 1 branch of the dungeon, and saw 2 of its levels.

You collected 17 gold pieces.

Inventory:

Hand Weapons
 a - a +0 war axe (weapon)
Armour
 b - a +0 scale mail (worn)
 c - a +0 buckler (worn)
Wands
 m - a wand of polymorph (9)
Scrolls
 e - 2 scrolls of teleportation
 f - 2 scrolls of identify
 g - 2 scrolls of amnesia
 h - a scroll of fear {unknown}
 k - a scroll of brand weapon {unknown}
 l - a scroll of acquirement {unknown}
 o - a scroll of poison {unknown}
Potions
 d - 2 potions of might
 i - 3 potions of degeneration {unknown}
 j - 2 potions of flight {unknown}
 n - a potion of ambrosia {unknown}


   Skills:
 - Level 3.0 Fighting
 - Level 1.7 Axes
 + Level 3.2 Armour
 * Level 2.5 Dodging
 - Level 2.6 Shields


You had 2 spell levels left.
You didn't know any spells.
Your spell library was empty.

Dungeon Overview and Level Annotations

Branches:
Dungeon (2/15)

Altars:
Makhleb

Shops:
D:1 ?


Innate Abilities, Weirdness & Mutations

You have a pair of horns on your head.


Message History

g - 2 scrolls of amnesia (gained 1) Makhleb sends a minion to punish you.
A smoke demon comes into view.
A smoke demon is nearby!
A smoke demon is nearby!
You slash the smoke demon!
The smoke demon is moderately wounded.
The smoke demon barely misses you. x2; You block the smoke demon's attack.
You barely miss the smoke demon.
The smoke demon is moderately wounded.
The smoke demon hits you. x2
The smoke demon hits you but does no damage. x2
The smoke demon hits you. x2
You hit the smoke demon.
The smoke demon is moderately wounded.
The smoke demon closely misses you. x2; The smoke demon hits you.
You slash the smoke demon!
The smoke demon is heavily wounded.
The smoke demon closely misses you. You block the smoke demon's attack.
The smoke demon barely misses you.
You hit the smoke demon.
The smoke demon is severely wounded.
The smoke demon hits you. You block the smoke demon's attack. x3
The smoke demon hits you.
The smoke demon hits you but does no damage.
You hit the smoke demon but do no damage.
The smoke demon is severely wounded.
The smoke demon completely misses you. The smoke demon hits you.
The smoke demon hits you but does no damage.
You closely miss the smoke demon.
You headbutt the smoke demon, but do no damage.
The smoke demon is severely wounded.
The smoke demon hits you.
* * * LOW HITPOINT WARNING * * *
The smoke demon hits you.
* * * LOW HITPOINT WARNING * * *
The smoke demon hits you.
* * * LOW HITPOINT WARNING * * *
The smoke demon hits you.
You die...

###........ #..........
#.......... ...........
.########## .#
############## ### .#
#............# #.# .#
#.....3......# #.#
.##########.#...@......###.#
...........................#
.....###...................#
####....<..................#
..####................##...#
.......................#.#.#
#..#.....................#.#
#................).......#.#
.........##.#......#########


You could see a smoke demon.

Vanquished Creatures
  An adder (D:2)
  6 endoplasms
  3 giant cockroaches
  6 hobgoblins
  4 quokkas (D:1)
  2 ball pythons (D:1)
  4 bats
  4 frilled lizards
  6 goblins (D:1)
  2 kobolds
  5 rats
43 creatures vanquished.

Notes
Turn   | Place    | Note
-------+----------+-------------------------------------------
     0 | D:1      | lonewolfV2 the Demonspawn Fighter began the quest for the
                  | Orb.
     0 | D:1      | Reached XP level 1. HP: 18/18 MP: 1/1
   125 | D:1      | Reached skill level 1 in Dodging
   127 | D:1      | Found Tepeas Simmi's Magic Scroll Shoppe.
   135 | D:1      | Discovered your monstrous ancestry.
   135 | D:1      | Gained mutation: You have a pair of small horns on your
                  | head. [demonic ancestry]
   135 | D:1      | Reached XP level 2. HP: 23/24 MP: 2/2
   241 | D:1      | Found a faded altar of an unknown god.
   364 | D:1      | Prayed at the altar of an unknown god.
   364 | D:1      | Became a worshipper of Makhleb the Destroyer
   364 | D:1      | Reached * piety under Makhleb
   366 | D:1      | Fell from the grace of Makhleb
   674 | D:1      | Gained mutation: You have a pair of horns on your head.
                  | [demonic ancestry]
   674 | D:1      | Reached XP level 3. HP: 29/29 MP: 3/3
  1332 | D:2      | Noticed a smoke demon
  1339 | D:2      | Slain by a smoke demon

Illustrated notes

Levels and vault maps discovered:
D:1:      dpeg_arrival_rhombi, layout_basic, ebering_ecumenical_altar_box,
          serial_shops, shop
D:2:      layout_rooms, serial_aquarium, aquarium_bridge_square
          [aquarium_subvault_bridge, aquarium_subvault_wall,
          aquarium_subvault_bridge, aquarium_subvault_balcony],
          aquarium_bridge_straight [aquarium_subvault_bridge,
          aquarium_subvault_window, aquarium_subvault_bridge,
          aquarium_subvault_wall], aquarium_window_fake, aquarium_window_2,
          aquarium_view_2d, aquarium_view_2b, aquarium_balcony_3b

Skill      XL: |  1  2 |
---------------+-------+-----
Dodging        | 1 2 |  2.5
Armour         | 3 |  3.2
Fighting       | |  3.0
Axes           | |  1.7
Shields        | |  2.6

Action                     || total
---------------------------++-------
  Melee: War axe           ||    82
         Headbutt          ||    11
 Invoke: Renounce Religion ||     1
    Use: Scroll            ||     2
 Armour: Scale mail        ||    41
  Dodge: Dodged            ||    36
  Block: Buckler           ||    27
